 Dungeon Crawl Stone Soup version 0.18-a0-1497-g788d838 (webtiles) character file.

665 mrath the Magician (level 7, -14/36 HPs)
             Began as a Gargoyle Earth Elementalist on Mar 5, 2016.
             Demolished by an orc warrior
             ... wielding a +0 halberd
              (16 damage)
             ... on level 3 of the Dungeon.
             The game lasted 00:36:35 (5423 turns).

mrath the Magician (Gargoyle Earth Elementalist)    Turns: 5423, Time: 00:36:35

Health: -14/36     AC:  6    Str: 12    XL:     7   Next: 57%
Magic:  6/15       EV: 17    Int: 17    God:
Gold:   217        SH:  0    Dex: 15    Spells: 3 memorised, 8 levels left

rFire  + . .     SeeInvis .     b - 19 stones
rCold  . . .     Gourm    .     a - +0 robe
rNeg   + . .     Faith    .     (no shield)
rPois  ∞         Spirit   .     (no helmet)
rElec  +         Dismiss  .     (no cloak)
rCorr  .         Reflect  .     (no gloves)
SustAt .         Harm     .     (no boots)
MR     .....                    (no amulet)
Stlth  ++++......               z - ring of protection from fire
                                m - ring of stealth

@: agile, not resistant to hostile enchantments, stealthy
A: negative energy resistance 1, electricity resistance, unbreathing,
petrification resistance, rot immunity, AC +4
a: no special abilities


You were on level 3 of the Dungeon.
You were not hungry.

You visited 1 branch of the dungeon, and saw 4 of its levels.
You also visited: Ossuary.

You collected 217 gold pieces.

Inventory:

Hand Weapons
 g - a +0 spear
 o - a +0 hunting sling
 v - a +0 flail of holy wrath
Missiles
 b - 19 stones (in hand)
 w - 30 sling bullets
Armour
 a - a +0 robe (worn)
Jewellery
 m - a ring of stealth (left hand)
 z - a ring of protection from fire (right hand)
 C - an uncursed ring of wizardry {unknown}
Scrolls
 e - 2 scrolls of magic mapping {unknown}
 k - 2 scrolls of identify
 r - a scroll of teleportation {unknown}
 s - 2 scrolls of remove curse {unknown}
 u - a scroll of enchant weapon {unknown}
 y - a scroll of enchant armour {unknown}
 B - a scroll of fear {unknown}
 D - a scroll of random uselessness {unknown}
 G - a scroll of immolation {unknown}
 H - a scroll of noise {unknown}
Potions
 f - 2 potions of cancellation {unknown}
 i - 3 potions of brilliance {unknown}
 j - 5 potions of curing
 n - 3 potions of agility
 q - a potion of degeneration {unknown}
 t - a potion of flight {unknown}
 x - a potion of berserk rage {unknown}
 A - a potion of haste {unknown}
 E - 2 potions of heal wounds {unknown}
Books
 c - a book of Geomancy

   Spells                             Type                      Level
   a - Sandblast                      Earth                        1
   b - Passwall                       Transmutation/Earth          2
   c - Stone Arrow                    Conjuration/Earth            3
   d - Petrify                        Transmutation/Earth          4
   e - Lee's Rapid Deconstruction     Earth                        5
Comestibles
 d - 3 bread rations
 h - 2 beef jerkies
 l - 2 meat rations
 p - 3 fruits
 F - 5 chunks of flesh


   Skills:
 - Level 1.5 Dodging
 - Level 2.1 Stealth
 * Level 5.8 Spellcasting
 + Level 3.8 Conjurations
   Level 0.7 Transmutations
 + Level 5.7 Earth Magic


You had 8 spell levels left.
You knew the following spells:

 Your Spells              Type           Power        Failure   Level  Hunger
a - Sandblast             Erth           ###...       1%          1    None
b - Stone Arrow           Conj/Erth      ###...       8%          3    ##.....
c - Lee's Rapid Deconstr  Erth           ###.......   38%         5    ######.


Dungeon Overview and Level Annotations

Branches:
Dungeon (4/15)
 Temple: D:4-7

Altars:
Kikubaaqudgha
Ru
The Shining One


Innate Abilities, Weirdness & Mutations

You are resistant to torment.
Your stone body is resilient (AC +4).
You are immune to poison.
You resist negative energy.
You are resistant to electric shocks.
You can survive without breathing.
You are immune to petrification.
You are immune to rotting.


Message History

Casting: Sandblast
Confirm with . or Enter, or press ? or * to list all spells.
Aiming: Sandblast
Press: ? - help, Shift-Dir - straight line, f/p - orc warrior
Aim: an orc warrior, wielding a halberd and wearing a chain mail (heavily wounded)
The rocky blast hits the orc warrior.
The orc warrior is heavily wounded.
The orc warrior hits you with a halberd!
* * * LOW HITPOINT WARNING * * *
Casting: Sandblast
Confirm with . or Enter, or press ? or * to list all spells.
Aiming: Stone Arrow
Press: ? - help, Shift-Dir - straight line, f/p - orc warrior
Aim: an orc warrior, wielding a halberd and wearing a chain mail (heavily wounded)
The stone arrow misses the orc warrior.
Drink which item? (? for menu, Esc to quit)
It was a potion of agility.
You feel agile all of a sudden.
The orc warrior hits you with a halberd!
You die...

#..# #.# #..# #.# #..#
#.#### #..# #....# #..#
####.# ###############
###..#
####.###........<....#
)....#
#.....#.....########.#
###.#####.#......o.....#
#.# #.#
#.......#.@...##.# #.#
#.# #.####.###...###.#
#.# #.# #.# #......##
#.# #.# ###.# #.#
######.# ##.# #.# #...#
#.# #.###..#####.# #.###
#.# #............# #.#
#.# #.###.######## ..#
#.# #.# #.# ..# ###.#
#.# #.#


You could see an orc warrior.

Vanquished Creatures
  An ogre (D:4)
  2 elf zombies (Ossuary)
  A giant frog (D:3)
  A howler monkey (D:4)
  An orc wizard (D:3)
  A human zombie (Ossuary)
  3 worker ants (D:4)
  A big kobold zombie (Ossuary)
  2 mummies (Ossuary)
  5 adders
  3 oozes
  3 adder zombies (Ossuary)
  An adder skeleton (D:4)
  4 worms
  2 dart slugs
  2 giant geckos (D:4)
  8 orcs
  5 giant cockroaches
  10 goblins
  6 hobgoblins
  5 jackals
  4 kobolds
  3 quokkas
  3 bats (D:2)
  4 giant newts
  2 goblin zombies (Ossuary)
  6 hobgoblin zombies (Ossuary)
  A jackal zombie (Ossuary)
  8 kobold zombies (Ossuary)
  11 orc zombies (Ossuary)
  4 rats
  2 rat zombies (Ossuary)
115 creatures vanquished.

Notes
Turn   | Place    | Note
--------------------------------------------------------------
     0 | D:1      | mrath the Gargoyle Earth Elementalist began the quest for the Orb.
     0 | D:1      | Reached XP level 1. HP: 10/10 MP: 3/3
   310 | D:1      | Reached XP level 2. HP: 15/15 MP: 0/5
  1127 | D:1      | Reached XP level 3. HP: 17/19 MP: 2/7
  1204 | D:1      | Learned a level 3 spell: Stone Arrow
  1891 | D:2      | Reached XP level 4. HP: 24/24 MP: 7/9
  2010 | D:2      | Reached skill level 1 in Conjurations
  2797 | D:3      | Noticed a giant frog
  2798 | D:3      | Killed a giant frog
  2798 | D:3      | Reached XP level 5. HP: 28/28 MP: 6/11
  3243 | D:3      | Learned a level 5 spell: Lee's Rapid Deconstruction
  3627 | D:4      | Found a sand-covered staircase.
  3632 | Ossuary  | Entered an ossuary
  3792 | Ossuary  | Reached skill level 5 in Earth Magic
  3923 | Ossuary  | Reached XP level 6. HP: 32/32 MP: 9/12
  4503 | Ossuary  | Reached skill level 5 in Spellcasting
  4503 | Ossuary  | Reached XP level 7. HP: 36/36 MP: 8/14
  5014 | D:4      | Found an ancient bone altar of Kikubaaqudgha.
  5196 | D:4      | Found a glowing golden altar of the Shining One.
  5233 | D:4      | Found a sacrificial altar of Ru.
  5423 | D:3      | Demolished by an orc warrior

Vault maps used:
D:1:      eino_arrival_cavern_d
D:3:      kennysheep_generic_room_3
D:4:      lemuel_doored_altar, nicolae_overflow_crystal_walls,
          marbit_many_paths, lightli_sewer_entry_pipes, enter_ossuary_5,
          first_bread, guppyfry_early_orc_mine
Ossuary:  ossuary_tomb_1

Skill      XL: |  1  2  3  4  5  6 |
---------------+-------------------+-----
Earth Magic    | 4 5 |  5.7
Spellcasting   | 3 4 5 |  5.8
Conjurations   | 2 3 |  3.8
Dodging        | |  1.5
Stealth        | |  2.1
Transmutations | |  0.7

Action                   |  1- 3 |  4- 6 |  7- 9 || total
-------------------------+-------+-------+-------++-------
Melee: Spear             |     7 |    14 |       ||    21
       Flail             |       |    16 |       ||    16
 Cast: Sandblast         |    72 |   119 |    39 ||   230
       Stone Arrow       |       |       |     1 ||     1
  Use: Scroll            |       |     4 |       ||     4
       Potion            |       |       |     1 ||     1
 Stab: Sleeping          |       |     1 |       ||     1
  Eat: Chunk             |     3 |     5 |     2 ||    10
       Fruit             |       |     1 |       ||     1
       Pizza             |       |     1 |     1 ||     2
